 Dungeon Crawl Stone Soup version 0.26-a0-30-g56b8cd3df0 (webtiles) character file.

Game seed: 490343159581823724, levelgen mode: deterministic

21 vurker the Magician (level 2, -3/22 HPs)
             Began as a Demigod Wizard on June 3, 2020.
             Killed from afar by a dart slug (7 damage)
             ... with a slug dart
             ... on level 1 of the Dungeon.
             The game lasted 00:01:15 (502 turns).

vurker the Magician (Demigod Wizard)                 Turns: 502, Time: 00:01:16

Health: -3/22      AC:  2    Str: 10    XL:     2   Next: 48%
Magic:  0/8        EV: 12    Int: 22    God:
Gold:   12         SH:  0    Dex: 14    Spells: 2/7 levels left

rFire    . . .     SeeInvis .   (no weapon)
rCold    . . .     Gourm    .   (no shield)
rNeg     . . .     Faith    .   a - +0 robe
rPois    .         Spirit   .   b - +0 hat
rElec    .         Reflect  .   (no cloak)
rCorr    .         Harm     .   (no gloves)
MR       .....                  (no boots)
Stlth    ++........             (no amulet)
HPRegen  0.07/turn              (no ring)
MPRegen  0.11/turn              (no ring)

@: no status effects
A: high mp 1
a: no special abilities


You were on level 1 of the Dungeon.
You were not hungry.

You visited 1 branch of the dungeon, and saw 1 of its levels.

You collected 12 gold pieces.

Inventory:

Armour
 a - a +0 robe (worn)
 b - a +0 hat (worn)
Scrolls
 g - a scroll of enchant weapon {unknown}
 h - 3 scrolls of teleportation {unknown}
Potions
 d - 3 potions of curing {unknown}
 f - 2 potions of cancellation {unknown}
 i - a potion of brilliance {unknown}
Comestibles
 c - 2 chunks of flesh
 e - a ration


   Skills:
 + Level 0.7 Fighting
 - Level 1.7 Dodging
 - Level 1.7 Stealth
 * Level 3.0 Spellcasting
 * Level 1.6 Conjurations
 - Level 0.8 Summonings
 - Level 0.8 Translocations


You had 2 spell levels left.
You knew the following spells:

 Your Spells              Type           Power        Failure   Level  Hunger
a - Magic Dart            Conj           ##..         6%          1    None
b - Call Imp              Summ           #.......     13%         2    ##.....
w - Blink                 Tloc           N/A          13%         2    ##.....

Your spell library contained the following spells:

 Spells                   Type           Power        Failure   Level  Hunger
 Slow                     Hex            #.......     19%         2    ##.....
 Conjure Flame            Conj/Fire      #.......     26%         3    ###....
 Mephitic Cloud           Conj/Pois/Air  #.......     30%         3    ###....


Dungeon Overview and Level Annotations

Branches:
Dungeon (1/15)


Innate Abilities, Weirdness & Mutations

You have an increased reservoir of magic. (+10% MP)


Message History

The kobold throws a stone.
The stone hits you but does no damage.
The kobold throws a stone.
The stone hits you but does no damage.
Your magical contamination has completely faded away.
You closely miss the kobold. The kobold hits you.
Your crimson imp closely misses the kobold.
You miss the kobold. The kobold hits you.
Your crimson imp blinks!
Aim: a jackal (heavily wounded)
The magic dart hits the kobold.
The kobold hits you but does no damage.
You hit the kobold but do no damage. The kobold hits you.
* * * LOW HITPOINT WARNING * * *
You hit the kobold but do no damage. The kobold barely misses you.
You closely miss the kobold.
Your crimson imp blinks!
The kobold closely misses you.
You miss the kobold. The kobold misses you.
You hit the kobold. The kobold hits you.
* * * LOW HITPOINT WARNING * * *
You barely miss the kobold. The kobold barely misses you.
You hit the kobold.
You kill the kobold!
You hit the jackal. The jackal barely misses you.
The jackal bites you but does no damage.
You completely miss the jackal. The jackal bites you.
* * * LOW HITPOINT WARNING * * *
You completely miss the jackal. The jackal bites you.
* * * LOW HITPOINT WARNING * * *
Your crimson imp barely misses the jackal.
The jackal completely misses you.
You barely miss the jackal.
Your crimson imp misses the jackal.
The jackal bites you.
* * * LOW HITPOINT WARNING * * *
You hit the jackal but do no damage. The jackal closely misses you.
Your crimson imp hits the jackal.
The jackal dies!
The rat twitches its whiskers.
You hit the rat.
Your crimson imp closely misses the rat.
The rat misses you.
You hit the rat.
Your crimson imp hits the rat.
The rat dies!
You hit the dart slug.
Your crimson imp hits the dart slug.
You hit the dart slug but do no damage.
Your crimson imp disappears in a puff of smoke!
The dart slug bites you.
* * * LOW HITPOINT WARNING * * *
A metallic apparition takes form in the air.
The dart slug launches a dart at you. The slug dart hits you!
You die...

.$.... #........ .....
#........ ....
#........ .r.
##########........ w.
.................. #.
######.##........ #.##
##.##........
#.(#######..#####).###
##.5w@##......# ##.##
####ยง...####.## #..#
##..## ..# ##.# ##.###
#.# #.## #...# #.#
#... #.#.# #.# ###.
#.#.####.# ##
#.#...##.#######
##.###........##.


You could see a dart slug and a friendly iron imp (summoned).

Vanquished Creatures
  A dart slug (D:1)
  2 bats (D:1)
  A giant cockroach (D:1)
  A goblin (D:1)
  2 hobgoblins (D:1)
  A jackal (D:1)
  A kobold (D:1)
  2 ball pythons (D:1)
  A frilled lizard (D:1)
  2 rats (D:1)
14 creatures vanquished.

Vanquished Creatures (collateral kills)
  2 jackals (D:1)
  A rat (D:1)
3 creatures vanquished.

Grand Total: 17 creatures vanquished

Notes
Turn   | Place    | Note
-------+----------+-------------------------------------------
     0 | D:1      | vurker the Demigod Wizard began the quest for the Orb.
     0 | D:1      | Reached XP level 1. HP: 14/14 MP: 6/6
    14 | D:1      | Reached skill level 1 in Conjurations
   229 | D:1      | Reached XP level 2. HP: 22/22 MP: 5/8
   274 | D:1      | Learned a level 2 spell: Call Imp
   277 | D:1      | Learned a level 2 spell: Blink
   466 | D:1      | Reached skill level 3 in Spellcasting
   502 | D:1      | Killed from afar by a dart slug

Illustrated notes

Levels and vault maps discovered:
D:1:      wander_arrival_lonely_grave, layout_rooms, wad_floor_pattern_untrapped

Skill      XL: |  1  2 |
---------------+-------+-----
Conjurations   | 1 |  1.6
Spellcasting   | 3 |  3.0
Fighting       | |  0.7
Dodging        | |  1.7
Stealth        | |  1.7
Summonings     | |  0.8
Translocations | |  0.8

Action                   || total
-------------------------++-------
Melee: Unarmed           ||    31
 Cast: Magic Dart        ||    35
       Call Imp          ||     2
Armor: Robe              ||     5
Dodge: Dodged            ||    27

Table legend:
 A = Non-vault XP
 B = Vault XP
 C = Vault XP percentage of total XP
 D = Non-vault monster count
 E = Vault monster count
 F = Vault count percentage of total count
                 A         B        C        D         E       F
            +---------+---------+-------+---------+---------+-------
      Total |      31 |       0 |   0.0 |      17 |       0 |   0.0
            +---------+---------+-------+---------+---------+-------
        D:1 |      31 |       0 |   0.0 |      17 |       0 |   0.0
            +---------+---------+-------+---------+---------+-------
